 Dungeon Crawl Stone Soup version 0.29.0-4-gdea44cf6ec (webtiles) character file.

Game seed: 11712559778971763537

75 qw the Chopper (level 4, -1/26 HPs)
             Began as a Tengu Warper on Aug 28, 2022.
             Slain by Terence
             ... wielding a +0 hand axe
              (3 damage)
             ... on level 3 of the Dungeon.
             The game lasted 00:00:09 (1501 turns).

qw the Chopper (Tengu Warper)                       Turns: 1501, Time: 00:00:09

Health: -1/26      AC:  8    Str: 14    XL:     4   Next: 31%
Magic:  8/8        EV:  6    Int: 13    God:
Gold:   48         SH:  0    Dex: 13    Spells: 7/7 levels left

rFire   . . .      SeeInvis .   Y - +0 hand axe
rCold   . . .      Faith    .   (no shield)
rNeg    . . .      Spirit   .   i - +0 chain mail
rPois   .          Reflect  .   (helmet restricted)
rElec   .          Harm     .   (no cloak)
rCorr   .          Rampage  .   (no gloves)
Will    .....                   (boots unavailable)
Stlth   ..........              (no amulet)
HPRegen 0.08/turn               (no ring)
MPRegen 0.11/turn               (no ring)

@: confused
A: beak, talons 3
a: no special abilities


You were on level 3 of the Dungeon.
You visited 1 branch of the dungeon, and saw 3 of its levels.

You collected 48 gold pieces.


Innate Abilities, Weirdness & Mutations

You have a beak for a mouth.
You have claws for feet.


   Skills:
 - Level 2.0 Fighting
 + Level 4.9 Axes
 - Level 1.0 Throwing
 - Level 1.1 Armour
 - Level 2.1 Dodging
 - Level 2.0 Spellcasting
 - Level 2.4 Translocations


You had 7 spell levels left.
You didn't know any spells.
Your spell library contained the following spells:

 Spells                   Type           Power      Damage    Failure   Level
 Blink                    Tloc           14%        N/A       99%         2
 Gell's Gravitas          Tloc           7%         N/A       100%        3
 Lesser Beckoning         Tloc           7%         N/A       100%        3
 Teleport Other           Tloc           7%         N/A       100%        3
 Manifold Assault         Tloc           7%         N/A       100%        5

Inventory:

Hand Weapons
 k - a +0 whip
 Y - a +0 hand axe (weapon)
Armour
 i - a +0 chain mail (worn)
Scrolls
 f - a scroll of teleportation

Dungeon Overview and Level Annotations

Branches:
Dungeon (3/15)

Altars:

Annotations:
D:3 Sigmund, Terence


Message History

You kill the orc!
You hear a splash. x3
You closely miss Terence. Terence hits you but does no damage.
Sigmund asks, "Do you like me?"
Sigmund casts a spell.
Sigmund flickers and vanishes!
Deactivating autopickup; reactivate with Ctrl-A.
You hit Terence. You claw Terence. Your peck misses Terence.
Terence is moderately wounded.
Terence hits you but does no damage.
You hit Terence but do no damage. You claw Terence.
Terence is heavily wounded.
Terence hits you with a +0 hand axe. x2
You barely miss Terence.
Terence is heavily wounded.
You hit the rat.
You kill the rat!
Terence barely misses you.
You closely miss Terence. You claw Terence.
Terence is heavily wounded.
Something hits you!
You hit Terence but do no damage.
Terence is moderately wounded.
You hit Terence but do no damage.
Terence is moderately wounded.
You hear some strange, mumbled words.
You are confused.
Terence hits you with a +0 hand axe.
Terence splashes around in the water.
Something hits you but does no damage. Terence hits you with a +0 hand axe.
You hit Terence. You claw Terence, but do no damage.
Terence is heavily wounded.
You miss something. Terence barely misses you. Something hits you.
You miss Terence. You peck Terence, but do no damage.
Terence is heavily wounded.
You miss something. Terence hits you with a +0 hand axe.
You die...

#.#...# # #.#...#.# #.....#.
###...... #####.# .
...8..8####~~~~~~~ . ..
#.8..8.~~~~~~~~~~
####.#.#####.~..~~~~~~~~~~~~~~
....#.##..~~@@.~~~~~~~~~~~~~ #
#......~~~~~~..~~~~~~~..>~~~
~~##.#~~~~~~~~~~..~~~~........
~~~~~~~~~~~~~~~~..~..#.##.#..#
~~~~~~~~~~~~~~~8..8.<.....#..#
~~~~~~~~~~~~###8..8#.#.####..#
~~~~~~~~...## #....#.#.####..#
######..### #......#.......#
##.# #.....########.#


You could see Terence.

Vanquished Creatures
  3 adders (D:2)
  2 dart slugs
  An orc (D:3)
  3 bats (D:1)
  6 endoplasms
  4 goblins (D:1)
  5 hobgoblins (D:2)
  5 quokkas
  3 ball pythons
  A frilled lizard (D:1)
  2 kobolds
  4 rats
39 creatures vanquished.

Notes
Turn   | Place    | Note
-------+----------+-------------------------------------------
     0 | D:1      | qw the Tengu Warper began the quest for the Orb.
     0 | D:1      | Reached XP level 1. HP: 12/12 MP: 4/4
     0 | D:1      | 0 ||| qw: Version: 0.1-a-89-g26bdef1
     0 | D:1      | 0 ||| qw: Game counter: 771
     0 | D:1      | 0 ||| qw: Always use a shield: true
     0 | D:1      | 0 ||| qw: God list: Okawaru
     0 | D:1      | 0 ||| qw: Allow faded altars: false
     0 | D:1      | 0 ||| qw: Do Orc after D:15 true
     0 | D:1      | 0 ||| qw: Do second Lair branch before Depths: true
     0 | D:1      | 0 ||| qw: Lair rune preference: random
     0 | D:1      | 0 ||| qw: Plans: Normal
     0 | D:1      | 0 ||| PLANNING D:1-11
    63 | D:1      | 63 ||| Stepping ~*~*~tactically~*~*~ (stealth).
    68 | D:1      | Reached skill level 3 in Axes
    68 | D:1      | Reached XP level 2. HP: 13/17 MP: 6/6
   264 | D:1      | 264 ||| Stepping ~*~*~tactically~*~*~ (stealth).
   450 | D:1      | Reached XP level 3. HP: 21/21 MP: 7/7
   665 | D:1      | 665 ||| DROPPING +0 club.
   905 | D:1      | 905 ||| UPGRADING to +0 chain mail.
   915 | D:1      | 915 ||| DROPPING +0 leather armour.
   916 | D:1      | 916 ||| READING scroll labelled LOMEFF LAAXO.
   917 | D:1      | 917 ||| READING 2 scrolls labelled SEFIAGG LEWU.
   921 | D:1      | 921 ||| READING scroll labelled CEYQIA GEFIERR.
   922 | D:1      | 922 ||| READING scroll labelled DOIPNA DIARGH.
   923 | D:1      | 923 ||| READING scroll labelled KUDWEN DEUGRAFF.
  1024 | D:1      | 1024 ||| DROPPING scroll of blinking.
  1050 | D:2      | Reached skill level 4 in Axes
  1348 | D:2      | Reached XP level 4. HP: 25/26 MP: 8/8
  1401 | D:2      | You fall into a shaft and drop 1 floor!
  1485 | D:3      | Noticed Terence
  1489 | D:3      | Noticed Sigmund
  1500 | D:3      | HP: 1/26 [something (6)]
  1501 | D:3      | Slain by Terence

Levels and vault maps discovered:
D:1:      minmay_arrival_solitary_statue, layout_basic
D:2:      layout_basic, ebering_ecumenical_altar_webs, hangedman_decor_push
D:3:      wander_river, layout_loops_cross, lemuel_coloured_pillars_altar,
          uniq_terence, uniq_sigmund

Skill      XL: |  1  2  3 |
---------------+----------+-----
Axes           | 3 4 |  4.9
Fighting       | |  2.0
Throwing       | |  1.0
Armour         | |  1.1
Dodging        | |  2.1
Spellcasting   | |  2.0
Translocations | |  2.4

Action                   |  1- 3 |  4- 6 || total
-------------------------+-------+-------++-------
Melee: Hand axe          |    85 |    20 ||   105
       Peck              |    13 |     2 ||    15
       Kick              |    13 |     8 ||    21
Throw: Boomerang         |     7 |       ||     7
  Use: Scroll            |     5 |       ||     5
Armor: Leather armour    |     9 |       ||     9
       Chain mail        |    23 |     6 ||    29
Dodge: Dodged            |    30 |     8 ||    38

Table legend:
 A = Non-vault XP
 B = Vault XP
 C = Vault XP percentage of total XP
 D = Non-vault monster count
 E = Vault monster count
 F = Vault count percentage of total count
                 A         B        C        D         E       F
            +---------+---------+-------+---------+---------+-------
      Total |     108 |       0 |   0.0 |      39 |       0 |   0.0
            +---------+---------+-------+---------+---------+-------
        D:1 |      41 |       0 |   0.0 |      23 |       0 |   0.0
        D:2 |      59 |       0 |   0.0 |      13 |       0 |   0.0
        D:3 |       8 |       0 |   0.0 |       3 |       0 |   0.0
            +---------+---------+-------+---------+---------+-------
